Map: Dusk Towers

Players

Miszu

  • Race: Terran Terran
  • League: Master

YogorōMōri (YoGo) - Winner!

  • Race: Zerg Zerg
  • League: Grandmaster

VOD

Have the link to the VOD?

Description

Time

  • Played on: April 13, 2016, 11:13 a.m.
  • Length: 2:44
Show
View Real Time Build Order
Export as new Build Order

Miszu Terran 

Build Orders: Reaper Expand 

Get SALT Encoding   

  12  0:01  SCV  
  13  0:13  SCV  
  14  0:17  Supply Depot  
  14  0:25  SCV  
  15  0:39  SCV  
  15  0:40  Barracks  
  16  0:43  Refinery  
  16  0:51  SCV  
  17  1:03  SCV  
  18  1:15  SCV  
  19  1:27  Orbital Command  
  19  1:28  Reaper  
  20  1:42  Command Center  
  20  1:51  Supply Depot  
  20  1:54  SCV  
  20  2:01  Barracks Reactor  
  21  2:06  SCV  
  22  2:18  SCV  
  22  2:21  Factory  
  23  2:30  SCV  
Show
View Real Time Build Order
Export as new Build Order

YogorōMōri Zerg - Winner!

Build Orders: Hatch First 

Get SALT Encoding   

  12  0:00  Drone  
  13  0:13  Overlord  
  13  0:20  Drone  
  14  0:32  Drone x2  
  16  0:52  Hatchery  
  16  0:55  Drone  
  16  0:59  Extractor  
  16  1:02  Drone  
  16  1:17  Spawning Pool  
  15  1:21  Drone  
  15  1:24  Drone  
  17  1:38  Drone x2  
  19  1:45  Overlord  
  19  2:04  Queen  
  21  2:13  Zergling x2  
  24  2:17  Drone  
  24  2:18  Zergling x2  
  24  2:21  Zergling x2  
  27  2:28  Drone x2  
  29  2:36  Spore Crawler  
  28  2:40  Extractor  
Tags
 
Add a new tag
Caveats
  • Supply blocks, unpowered buildings, or Contaminate may cause inaccurate times.
  • Supply counts are checked every 10 seconds.